 Dungeon Crawl Stone Soup version 0.28.0-53-g5a82cb258f (webtiles) character file.

Game seed: 17078546352329814430

431 DocClef the Cleaver (level 6, 0/76 HPs)
             Began as a Minotaur Fighter on July 3, 2022.
             Succumbed to a killer bee's poison
             ... on level 4 of the Dungeon.
             The game lasted 00:03:55 (3816 turns).

DocClef the Cleaver (Minotaur Fighter)              Turns: 3816, Time: 00:03:55

Health: 0/76       AC: 23    Str: 21 (22) XL:     6   Next: 66%
Magic:  5/5        EV:  2    Int:  5      God:
Gold:   187        SH:  4    Dex:  8 (10) Spells: 5/5 levels left

rFire   . . .      SeeInvis .   q - +2 war axe (pain)
rCold   . . .      Faith    .   c - +0 buckler
rNeg    . . .      Spirit   .   (armour currently unavailable)
rPois   +          Reflect  .   (helmet currently unavailable)
rElec   .          Harm     .   (cloak currently unavailable)
rCorr   .          Rampage  .   (gloves currently unavailable)
Will    .....      NoTele   +   (boots currently unavailable)
Stlth   +.........              (no amulet)
HPRegen 0.22/turn               (no ring)
MPRegen 0.09/turn               (no ring)

@: mighty, brilliant, lethally poisoned (0 -> -5), tree-form (expiring),
invisible
A: stationary, stasis, torment immunity, boosted hp, (horns 2), (retaliatory
headbutt), (iridescent scales 1), (sturdy frame 1), devolution 1
a: no special abilities


You were on level 4 of the Dungeon.
You were a tree.
You visited 1 branch of the dungeon, and saw 4 of its levels.

You collected 187 gold pieces.

Inventory:

Hand Weapons
 a - a +0 war axe
 q - a +2 war axe of pain (weapon)
Armour
 b - a +0 scale mail (melded)
 c - a +0 buckler (worn)
 r - a +0 cloak (melded)
 u - a +2 pair of gloves (melded)
Jewellery
 o - a +6 ring of dexterity
Wands
 n - a wand of acid (12)
Scrolls
 f - 3 scrolls of identify {unknown}
 g - 3 scrolls of teleportation {unknown}
 j - a scroll of amnesia {unknown}
 k - a scroll of holy word {unknown}
 t - a scroll of blinking {unknown}
 v - a scroll of acquirement {unknown}
Potions
 h - a potion of degeneration
 l - 2 potions of invisibility


   Skills:
 - Level 3.6 Fighting
 + Level 8.7 Axes
 - Level 3.6 Armour
 - Level 3.6 Shields


You had 5 spell levels left.
You didn't know any spells.
Your spell library was empty.

Dungeon Overview and Level Annotations

Branches:
Dungeon (4/15)
 Temple: D:4-7

Altars:


Innate Abilities, Weirdness & Mutations

You are a tree.
Your roots penetrate the ground, keeping you stationary.
You cannot be teleported.
You are immune to unholy pain and torment.
Your maximum health is greatly increased.
Your equipment is partially melded.
((You have a pair of horns on your head.))
((You reflexively headbutt those who attack you in melee.))
((You are partially covered in iridescent scales. (AC +2)))
((Your movements are slightly less encumbered by armour. (ER -2)))
You have hidden genetic defects.


Message History

You block the killer bee's attack.
The killer bee stings you but does no damage.
You closely miss the killer bee.
The killer bee is heavily wounded.
You feel sick.
The killer bee stings you but does no damage. x2
You hit the killer bee.
The killer bee is severely wounded.
You feel sick. The killer bee stings you.
* * * LOW HITPOINT WARNING * * *
You block the killer bee's attack.
You barely miss the killer bee.
The killer bee is severely wounded.
You feel sick.
The killer bee stings you but does no damage. x3
You closely miss the killer bee.
The killer bee is heavily wounded.
You feel sick.
The killer bee stings you but does no damage.
You block the killer bee's attack.
You catch the helpless killer bee completely off-guard!
You slash the killer bee!
You kill the killer bee!
Your transformation is almost over.
You feel sick.
The killer bee stings you but does no damage.
You feel your dexterity returning.
You barely miss the killer bee.
You feel sick.
The killer bee stings you but does no damage. x3
You barely miss the killer bee.
You feel sick.
You are no longer poisoned.
The killer bee stings you.
* * * LOW HITPOINT WARNING * * *
You are lethally poisoned!
The killer bee poisons you!
The killer bee stings you but does no damage.
Okay, then.
You slash the killer bee!
The killer bee is heavily wounded.
You die...

≈≈≈≈≈≈≈≈≈≈≈≈≈.##
#≈≈≈≈#≈≈≈≈≈≈#### #..
≈≈≈≈≈≈≈≈≈≈≈≈≈≈≈# #.#
≈≈.≈≈...≈≈..≈#≈###.# #
≈..(..<.$...≈≈..##.# #
...###(≈≈≈. ..#
≈≈≈≈≈.≈≈≈≈ #.#
≈≈≈≈≈≈≈≈≈####.#########
≈≈#≈≈≈≈≈.Ky♣..........#
≈≈≈≈≈≈≈≈#.###.#######.#
≈≈y≈≈≈≈#### #.# #.# ##
≈≈≈≈≈.. ..# #.# #.
≈.≈≈##. #### #.# #. #..
## ###.# #. ## #...# #.
##.### #. ##...######.


You could see a killer bee and a kobold.

Vanquished Creatures
  4 killer bees (D:4)
  A hound (D:3)
  An orc priest (D:4)
  4 adders
  4 gnolls
  10 dart slugs
  17 orcs
  7 endoplasms
  2 giant cockroaches (D:3)
  4 hobgoblins
  A kobold (D:2)
  3 quokkas
  10 ball pythons
  5 bats
  2 frilled lizards (D:1)
  6 goblins
  6 rats
87 creatures vanquished.

Vanquished Creatures (others)
  4 plants (D:3)
4 creatures vanquished.

Grand Total: 91 creatures vanquished

Notes
Turn   | Place    | Note
-------+----------+-------------------------------------------
     0 | D:1      | DocClef the Minotaur Fighter began the quest for the Orb.
     0 | D:1      | Reached XP level 1. HP: 19/19 MP: 0/0
    40 | D:1      | Reached skill level 3 in Axes
   126 | D:1      | Reached XP level 2. HP: 26/26 MP: 1/1
   224 | D:1      | Found a faded altar of an unknown god.
   249 | D:1      | Reached skill level 4 in Axes
   655 | D:1      | Reached XP level 3. HP: 24/31 MP: 2/2
  1285 | D:2      | You fall into a shaft and drop 1 floor!
  1761 | D:2      | Reached skill level 5 in Axes
  1968 | D:2      | Reached XP level 4. HP: 35/39 MP: 3/3
  2768 | D:3      | Reached skill level 6 in Axes
  3136 | D:3      | Reached XP level 5. HP: 33/45 MP: 4/4
  3333 | D:4      | Reached skill level 7 in Axes
  3453 | D:4      | Found Umpa's Weapon Emporium.
  3794 | D:4      | Reached XP level 6. HP: 43/51 MP: 5/5
  3799 | D:4      | Reached skill level 8 in Axes
  3806 | D:4      | Gained mutation: You have hidden genetic defects. [potion
                  | of mutation]
  3806 | D:4      | Gained mutation: Your movements are slightly less
                  | encumbered by armour. (ER -2) [potion of mutation]
  3806 | D:4      | Gained mutation: You are partially covered in iridescent
                  | scales. (AC +2) [potion of mutation]
  3815 | D:4      | HP: 1/76 [killer bee (3)]
  3816 | D:4      | Succumbed to a killer bee's poison

Illustrated notes

Levels and vault maps discovered:
D:1:      lemuel_arrival_tunnels, layout_basic,
          nicolae_ecumenical_snake_handling
D:2:      layout_loops_corners, hangedman_glass_teeth
D:3:      layout_loops_cross, serial_bayou_pond_c
D:4:      kennysheep_slugbush, layout_loops_ring, serial_shops, kennysheep_mini,
          kennysheep_generic_room_14

Skill      XL: |  1  2  3  4  5  6 |
---------------+-------------------+-----
Axes           | 3 4 5 6 7 8 |  8.7
Fighting       | |  3.6
Armour         | |  3.6
Shields        | |  3.6

Action                   |  1- 3 |  4- 6 || total
-------------------------+-------+-------++-------
Melee: War axe           |    89 |   102 ||   191
       Headbutt          |     7 |    13 ||    20
  Use: Potion            |       |     9 ||     9
 Stab: Invisible         |       |     1 ||     1
Armor: Scale mail        |    35 |    52 ||    87
       Skin              |       |    13 ||    13
Dodge: Dodged            |    31 |    51 ||    82
Block: Buckler           |    18 |    32 ||    50
